 Dungeon Crawl Stone Soup version 0.31-a0-219-g8d62b2e7bb (webtiles) character file.

Game seed: 16014818763672351070

2259 olmar the Digger (level 8, -1/62 HPs)
             Began as a Demigod Earth Elementalist on July 3, 2023.
             Slain by a killer bee (6 damage)
             ... on level 8 of the Dungeon.
             The game lasted 00:08:40 (6209 turns).

olmar the Digger (Demigod Earth Elementalist)       Turns: 6209, Time: 00:08:41

Health: -1/62      AC:  7    Str:  9    XL:     8   Next: 93%
Magic:  17/21      EV: 13    Int: 30    God:
Gold:   57         SH:  0    Dex: 14    Spells: 9/19 levels left

rFire   + . .        t - +12 war axe of Ufeixkes {freeze, Int+5}
rCold   + + .        (no shield)
rNeg    . . .        a - +0 robe
rPois   .            u - +0 helmet
rElec   .            l - scarf {rC+ rF+}
rCorr   .            (no gloves)
SInv    .            (no boots)
Will    .....        (no amulet)
Stlth   +++          B - ring of protection from cold
HPRegen 0.30/turn    C - +4 ring of protection
MPRegen 0.17/turn

%: no passive effects
@: lethally poisoned (-1 -> -9), about to teleport
A: high MP 1, forlorn, divine attributes
a: no special abilities


You were on level 8 of the Dungeon.
You visited 1 branch of the dungeon, and saw 7 of its levels.

You collected 431 gold pieces.
You spent 374 gold pieces at shops.

Inventory:

Hand Weapons
 o - a +0 whip of draining
 p - a +1 dagger of venom
 t - the +12 war axe of Ufeixkes (weapon) {freeze, Int+5}
   (You took it off a goblin on level 3 of the Dungeon)

   Int:       It affects your intelligence (+5).
Missiles
 n - 5 javelins
 q - 9 poisoned darts
Armour
 a - a +0 robe (worn)
 g - the +1 plate armour "Leixoled" {rN+ Regen+}
   (You found it on level 2 of the Dungeon)

   rN:        It protects you from negative energy.
   Regen:     It increases your rate of health regeneration.
 l - a scarf of resistance (worn)
 u - a +0 helmet (worn)
Jewellery
 B - a ring of protection from cold (left hand)
 C - a +4 ring of protection (right hand)
Wands
 D - a wand of light (5)
 F - a wand of mindburst (15)
Scrolls
 c - a scroll of silence {unknown}
 d - a scroll of acquirement {unknown}
 i - 2 scrolls of teleportation
 j - a scroll of amnesia {unknown}
 k - a scroll of revelation
 r - a scroll of fear {unknown}
 v - a scroll of noise {unknown}
 x - a scroll of fog
 y - a scroll of summoning {unknown}
 A - 2 scrolls of vulnerability
 E - a scroll of immolation {unknown}
Potions
 b - a potion of magic
 e - a potion of invisibility
 f - a potion of berserk rage
 h - a potion of lignification
 m - a potion of attraction
 s - 2 potions of degeneration
 w - 2 potions of brilliance
 z - 2 potions of enlightenment


   Skills:
 + Level 2.7 Fighting
 + Level 3.7 Dodging
 + Level 4.0 Stealth
 + Level 6.3 Spellcasting
 + Level 1.2 Conjurations
 + Level 0.9 Transmutations
 + Level 7.2 Earth Magic
 + Level 0.7 Evocations


You had 9 spell levels left.
You knew the following spells:

 Your Spells              Type           Power      Damage    Failure   Level
a - Sandblast             Erth           100%       2d20      1%          1
b - Passwall              Tmut/Erth      27%        N/A       1%          2
c - Stone Arrow           Conj/Erth      68%        3d11      2%          3
d - Petrify               Tmut/Erth      33%        N/A       10%         4

Your spell library contained the following spells:

 Spells                   Type           Power      Damage    Failure   Level
 Wereblood                Tmut           14%        N/A       5%          2
 Lesser Beckoning         Tloc           18%        N/A       8%          2
 Sublimation of Blood     Necr           9%         N/A       8%          2
 Dazzling Flash           Conj/Hex       26%        N/A       12%         3
 Gell's Gravitas          Tloc           9%         N/A       16%         3
 Teleport Other           Tloc           9%         N/A       16%         3
 Volatile Blastmotes      Fire/Tloc      18%        2d11      16%         3
 Iskenderun's Mystic Bla  Conj/Tloc      13%        2d5       36%         4
 Starburst                Conj/Fire      6%         6d4       99%         6
 Summon Hydra             Summ           4%         N/A       100%        7


Dungeon Overview and Level Annotations

Branches:
Dungeon (8/15)             Temple (0/1) D:7
   Lair: D:8-11

Shops:
D:2 !   D:7 *

Annotations:
D:3 3 runed translucent doors, pigah's ghost, amateur OpWn


Innate Abilities, Weirdness & Mutations

You have an increased reservoir of magic. (+10% MP)
You shall have no god before yourself.
Your divine heritage dramatically boosts your attributes as you level up.


Message History

You are more poisoned.
The killer bee poisons you!
Unknown command.
Casting: Sandblast (safe; 1% risk of failure)
Confirm with . or Enter, or press ? or * to list all spells.
Aiming: Petrify (dangerous; 10% risk of failure)
Press: ? - help, Shift-Dir - straight line, f - killer bee
Aim: a killer bee (severely wounded, chance to affect: 71%)
The killer bee is moving more slowly.
You feel very sick. The killer bee barely misses you.
The killer bee stings you.
You are more poisoned.
The killer bee poisons you!
Unknown command.
As you read the scroll of teleportation, it crumbles to dust.
You feel strangely unstable.
* * * LOW HITPOINT WARNING * * *
You feel very sick. The killer bee closely misses you.
The killer bee barely misses you.
Unknown command.
The killer bee attacks as you move away!
The killer bee stings you.
* * * LOW HITPOINT WARNING * * *
x2 You feel very sick.
Okay, then.
Aiming: Bolt of Light
Press: ? - help, Shift-Dir - straight line, f/p - killer bee
Aim: a killer bee (severely wounded, petrifying slowly, 100% to hit)
The bolt of light hits the killer bee!
The killer bee is almost dead.
The killer bee is blinded.
The bolt of light hits the killer bee!
The killer bee is severely wounded.
The killer bee is blinded.
The bolt of light hits the killer bee!
The killer bee is severely wounded.
The killer bee is blinded.
* * * LOW HITPOINT WARNING * * *
You feel sick.
The killer bee buzzes angrily.
The killer bee stings you.
You die...

........... ....>#
...######## #.##.# ##.##
####.##.# ##..##
#.......#### .##..###
#........yD####### .###..(#
#.....Dy#.†....... .#####.#
#.....#y#......... .##....#
#.....#y#.........
.##.##.###..####@#.....$...
###.##......####.#.........
....##...........#.........
###.####....###..#.........
### #.##.# #..#........)
#.##.# #..#......... #.####
#... #.# ...# ..#


You could see a steam dragon and 3 killer bees.

Vanquished Creatures
  Maurice (D:8)
  A sky beast (D:7)
  2 black bears (D:6)
  An orc warrior (D:7)
  2 ice beasts (D:7)
  An ogre (D:7)
  A centaur (D:6)
  2 bullfrogs
  3 scorpions
  10 killer bees
  4 howler monkeys
  A jelly (D:4)
  An orc priest (D:4)
  A gnoll bouda (D:6)
  A sleepcap (D:7)
  An iguana (D:6)
  An orc wizard (D:4)
  A hound zombie (D:3)
  Robin (D:3)
  2 adders
  3 gnolls (D:6)
  A white imp (D:7)
  An ufetubus (D:3)
  A worm (D:2)
  2 dart slugs (D:3)
  10 orcs
  2 ball pythons (D:1)
  5 endoplasms
  3 giant cockroaches
  12 goblins (D:3)
  9 hobgoblins
  4 jackals (D:3)
  5 quokkas
  5 bats
  9 frilled lizards
  4 kobolds
  A quokka zombie (D:3)
  4 rats
119 creatures vanquished.

Vanquished Creatures (others)
  2 killer bees (D:7)
2 creatures vanquished.

Grand Total: 121 creatures vanquished

Notes
Turn   | Place    | Note
-------+----------+-------------------------------------------
     0 | D:1      | olmar the Demigod Earth Elementalist began the quest for
                  | the Orb.
     0 | D:1      | Reached XP level 1. HP: 14/14 MP: 5/5
   146 | D:1      | Reached skill level 3 in Earth Magic
   336 | D:1      | Reached XP level 2. HP: 20/20 MP: 5/7
   919 | D:2      | Identified the +1 plate armour "Leixoled" {rN+ Regen+}
  1108 | D:2      | Found Lequd's Distillery.
  1388 | D:2      | Learned a level 2 spell: Passwall
  1824 | D:3      | Reached XP level 3. HP: 26/26 MP: 5/9
  1905 | D:3      | Learned a level 3 spell: Stone Arrow
  2049 | D:3      | Found a runed translucent gate.
  2049 | D:3      | Found a runed translucent gate.
  2049 | D:3      | Noticed pigah's ghost (amateur OpWn)
  2051 | D:3      | Found a runed translucent gate.
  2449 | D:3      | Reached XP level 4. HP: 33/33 MP: 9/11
  2722 | D:3      | Noticed Robin
  2723 | D:3      | Killed Robin
  2727 | D:3      | Identified the +12 war axe of Ufeixkes {freeze, Int+5}
  3136 | D:4      | Reached skill level 4 in Earth Magic
  3136 | D:4      | Reached XP level 5. HP: 36/39 MP: 11/13
  3431 | D:4      | Learned a level 4 spell: Petrify
  3647 | D:4      | You fall into a shaft and drop 2 floors!
  3700 | D:6      | Reached XP level 6. HP: 37/46 MP: 10/15
  3792 | D:6      | Reached skill level 1 in Fighting
  3871 | D:6      | Reached skill level 5 in Earth Magic
  3906 | D:6      | Reached XP level 7. HP: 52/52 MP: 13/17
  4312 | D:7      | Reached skill level 5 in Spellcasting
  4541 | D:7      | Reached skill level 6 in Earth Magic
  4743 | D:7      | HP: 3/79 [poisoned by a killer bee]
  4755 | D:7      | Reached XP level 8. HP: 42/60 MP: 15/19
  4899 | D:7      | Found Nimiol's General Store.
  4910 | D:7      | Bought a scarf of resistance for 352 gold pieces
  4915 | D:7      | Bought a scroll of identify for 22 gold pieces
  4991 | D:7      | Found a staircase to the Ecumenical Temple.
  5451 | D:7      | Reached skill level 7 in Earth Magic
  6002 | D:8      | Noticed Maurice
  6015 | D:8      | Killed Maurice
  6016 | D:8      | Reached skill level 1 in Conjurations
  6209 | D:8      | Slain by a killer bee

Illustrated notes

Levels and vault maps discovered:
D:1:      amcnicky_arrival_underground_garden, layout_basic
D:2:      layout_basic, serial_shops, shop, st_stairs_2,
          kennysheep_generic_room_4
D:3:      kennysheep_goblin_castle, layout_basic,
          nicolae_yredelemnul_ghost_church, gammafunk_temple_overflow_elements,
          minmay_misc_feat_chi, serial_bayou_lagoon_a, kennysheep_generic_room_2
D:4:      layout_basic, kennysheep_vampire_church
D:6:      layout_loops_ring
D:7:      layout_layer_cave, nicolae_qazlal_style_of_elements,
          minmay_temple_entry_antechambers, serial_shops,
          nicolae_shop_rolling_square
D:8:      layout_basic, nicolae_overflow_crystal_walls, minmay_bent,
          uniq_maurice

Skill      XL: |  1  2  3  4  5  6  7  8 |
---------------+-------------------------+-----
Dodging        | 2 3 |  3.7
Earth Magic    | 3 4 5 6 7 |  7.2
Spellcasting   | 2 3 4 5 6 |  6.3
Stealth        | 2 3 4 |  4.0
Fighting       | 1 2 |  2.7
Conjurations   | 1 |  1.2
Transmutations | |  0.9
Evocations     | |  0.7

Action                     |  1- 3 |  4- 6 |  7- 9 || total
---------------------------+-------+-------+-------++-------
  Melee: Unarmed           |     1 |       |       ||     1
         Dagger            |     3 |     1 |       ||     4
         War axe           |       |    20 |    57 ||    77
         Punch             |       |       |     2 ||     2
   Cast: Sandblast         |    74 |    39 |    24 ||   137
         Stone Arrow       |       |       |     9 ||     9
         Petrify           |       |       |     3 ||     3
  Evoke: Wand              |       |       |     5 ||     5
    Use: Scroll            |       |       |    11 ||    11
         Potion            |       |       |     3 ||     3
   Stab: Sleeping          |       |     1 |     1 ||     2
         Distracted        |       |     1 |       ||     1
         Petrified         |       |       |     4 ||     4
 Armour: Robe              |     6 |     6 |    26 ||    38
         Skin              |       |       |    10 ||    10
  Dodge: Dodged            |    17 |    20 |    70 ||   107

Table legend: (Time is in decaauts)
 A = Elapsed time spent in this place.
 B = Non-inter-level travel time spent in this place.
 C = Inter-level travel time spent in this place.
 D = Time resting spent in this place.
 E = Time spent auto-exploring this place.
 F = Levels seen in this place.
 G = Mean time per level.
                   A        B        C        D        E       F      G
               +--------+--------+--------+--------+--------+-----+--------+
         Total |   6321 |   6167 |    154 |    745 |   4622 |   7 |  903.0 |
       Dungeon |   6321 |   6167 |    154 |    745 |   4622 |   7 |  903.0 |
               +--------+--------+--------+--------+--------+-----+--------+

Top non-repeatable levels by time:
     D:7: 1656 daAuts
     D:3: 1468 daAuts
     D:2: 938 daAuts
     D:1: 785 daAuts
     D:6: 664 daAuts
     D:4: 521 daAuts
     D:8: 286 daAuts
